 Dungeon Crawl Stone Soup version 0.20-a0-1114-g33edf32 (webtiles) character file.

77 graki42 the Shield-Bearer (level 4, -5/28 HPs)
             Began as a Gargoyle Fighter on May 6, 2017.
             Killed by divine providence
             ... invoked by an orc priest
              (12 damage)
             ... on level 2 of the Dungeon.
             The game lasted 00:01:42 (1056 turns).

graki42 the Shield-Bearer (Gargoyle Fighter)        Turns: 1056, Time: 00:01:43

Health: -5/28      AC: 10    Str: 20    XL:     4   Next: 33%
Magic:  4/4        EV:  7    Int:  9    God:
Gold:   171        SH:  9    Dex:  9    Spells: 3/3 levels left

rFire    . . .     SeeInvis .   a - +0 flail
rCold    . . .     Gourm    .   c - +0 shield
rNeg     + . .     Faith    .   b - +0 scale mail
rPois    ∞         Spirit   .   (no helmet)
rElec    +         Reflect  .   (no cloak)
rCorr    .         Harm     .   (no gloves)
MR       .....                  (no boots)
Stlth    ..........             m - amulet of regeneration
Regen    0.5/turn               (no ring)
MPRegen  0.1/turn               (no ring)

@: flying (expiring), hasted, very quick
A: negative energy resistance 1, electricity resistance, unbreathing,
petrification resistance, rot immunity, AC +3
a: no special abilities


You were on level 2 of the Dungeon.
You were hungry.

You visited 1 branch of the dungeon, and saw 2 of its levels.

You collected 171 gold pieces.

Inventory:

Hand Weapons
 a - a +0 flail (weapon)
Armour
 b - a +0 scale mail (worn)
 c - a +0 shield (worn)
Jewellery
 m - an amulet of regeneration (around neck)
Scrolls
 e - 3 scrolls of teleportation {unknown}
 i - 2 scrolls of amnesia {unknown}
 j - a scroll of immolation {unknown}
 k - 4 scrolls of recharging {unknown}
 l - 3 scrolls of identify {unknown}
Potions
 d - a potion of might
 h - a potion of curing
Comestibles
 f - a bread ration
 o - a meat ration


   Skills:
 + Level 3.5 Fighting
 + Level 3.1 Maces & Flails
 + Level 3.8 Armour
 + Level 0.1 Dodging
 + Level 0.2 Stealth
 + Level 4.0 Shields


You had 3 spell levels left.
You didn't know any spells.

Dungeon Overview and Level Annotations

Branches:
Dungeon (2/15)

Altars:
Vehumet


Innate Abilities, Weirdness & Mutations

You are resistant to torment.
Your stone body is resilient. (AC +3)
You are immune to poison.
You resist negative energy. (rN+)
You are resistant to electric shocks. (rElec)
You can survive without breathing.
You are immune to petrification.
You are immune to rotting.


Message History

You block the orc priest's attack.
You hit the orc priest.
The orc priest is moderately wounded.
You hit the orc priest but do no damage.
The orc priest is moderately wounded.
You block the orc priest's attack.
You hit the orc priest.
The orc priest is severely wounded.
The orc priest hits you but does no damage.
You closely miss the orc priest.
The orc priest is severely wounded.
The orc priest hits you with a club.
* * * LOW HITPOINT WARNING * * *
You hit the orc priest.
The orc priest is severely wounded.
You closely miss the orc priest.
The orc priest is severely wounded.
The orc priest invokes the aid of Beogh against you.
Beogh smites you!
You die...

......#)# #.# #...#
.....#.# #.######..
........ #.##......
....#.# #.##.#####
######..#.# #.##(#
........#.#######....#
≈...≈..........####..#
.........o.....# #..#
........#@####.####..#####
........#.# #.(.....†....
≈o.o≈..?#.# #.####.......
...o....#.# #.# ##.#####
######....# #.# #.# #.
..$### #.# #.# #.# ##.#
#.. >.##.# #.. ... ....#
### ###..


You could see an orc priest.

Vanquished Creatures
  4 gnolls (D:2)
  A worm (D:2)
  A leopard gecko (D:1)
  4 orcs (D:2)
  6 bats (D:1)
  A giant cockroach (D:1)
  5 goblins
  2 hobgoblins (D:1)
  2 jackals (D:1)
  2 frilled lizards (D:2)
  2 kobolds (D:1)
  A rat (D:1)
31 creatures vanquished.

Notes
Turn   | Place    | Note
-------+----------+-------------------------------------------
     0 | D:1      | graki42 the Gargoyle Fighter began the quest for the Orb.
     0 | D:1      | Reached XP level 1. HP: 14/14 MP: 1/1
   188 | D:1      | Reached XP level 2. HP: 18/19 MP: 2/2
   836 | D:2      | Reached XP level 3. HP: 23/23 MP: 3/3
   879 | D:2      | Reached skill level 4 in Shields
   886 | D:2      | Reached XP level 4. HP: 10/28 MP: 4/4
   924 | D:2      | Found a radiant altar of Vehumet.
  1056 | D:2      | Killed from afar by an orc priest

Vault maps used:
D:1:      minmay_arrival_radiant_lines, st_stairs_13, minivault_23,
          serial_park_tiny_pond
D:2:      cheibrodos_pilgrimage, lemuel_crystal_altar

Skill      XL: |  1  2  3  4 |
---------------+-------------+-----
Shields        | 4 |  4.0
Maces & Flails | 3 |  3.1
Fighting       | |  3.5
Armour         | |  3.8
Dodging        | |  0.1
Stealth        | |  0.2

Action                   |  1- 3 |  4- 6 || total
-------------------------+-------+-------++-------
Melee: Flail             |    95 |    30 ||   125
  Use: Potion            |       |     3 ||     3
Armor: Scale mail        |    55 |     3 ||    58
Dodge: Dodged            |    37 |     5 ||    42
Block: Shield            |    59 |     8 ||    67
